 Dungeon Crawl Stone Soup version 0.27-a0-1119-gbf574a6a6b (webtiles) character file.

Game seed: 8851535575104971851

95 Zeld the Shield-Bearer (level 4, -3/33 HPs)
             Began as an Octopode Fighter on May 2, 2021.
             Killed by nerve-wracking pain
             ... invoked by Grinder
              (14 damage)
             ... on level 3 of the Dungeon.
             The game lasted 00:02:11 (2487 turns).

Zeld the Shield-Bearer (Octopode Fighter)           Turns: 2487, Time: 00:02:12

Health: -3/33      AC:  1    Str: 16    XL:     4   Next: 66%
Magic:  4/4        EV: 11    Int: 10    God:
Gold:   38         SH:  9    Dex: 11    Spells: 3/3 levels left

rFire    . . .     SeeInvis .   a - +0 war axe
rCold    + . .     Faith    .   b - +0 kite shield
rNeg     . . .     Spirit   .   (helmet restricted)
rPois    .         Reflect  .   (no amulet)
rElec    .         Harm     .   k - ring of protection from cold
rCorr    .         Rampage  .   (no ring)
Will     .....                  (no ring)
Stlth    ++........             (no ring)
HPRegen  0.11/turn              (no ring)
MPRegen  0.09/turn              (no ring)
                                (no ring)
                                (no ring)

@: no status effects
A: almost no armour, amphibious, 8 rings, camouflage 1, gelatinous body 1,
(nimble swimmer 1), tentacles
a: no special abilities


You were on level 3 of the Dungeon.
You visited 1 branch of the dungeon, and saw 3 of its levels.

You collected 38 gold pieces.

Inventory:

Hand Weapons
 a - a +0 war axe (weapon)
Missiles
 g - 4 boomerangs (quivered)
Armour
 b - a +0 kite shield (worn)
Jewellery
 k - a ring of protection from cold (left tentacle)
Wands
 i - a wand of flame (21)
Scrolls
 e - a scroll of vulnerability {unknown}
 f - 2 scrolls of fear {unknown}
 h - a scroll of blinking {unknown}
 j - a scroll of identify {unknown}
 l - a scroll of amnesia {unknown}
 m - a scroll of enchant weapon {unknown}
Potions
 c - 2 potions of might
 d - 2 potions of invisibility {unknown}


   Skills:
 * Level 3.9 Fighting
 * Level 3.1 Axes
 - Level 3.0 Dodging
 * Level 3.9 Shields


You had 3 spell levels left.
You didn't know any spells.
Your spell library contained the following spells:

 Spells                   Type           Power      Damage    Failure   Level
 Magic Dart               Conj           0%         1d3       85%         1
 Searing Ray              Conj           0%         3d3       94%         2
 Confusing Touch          Hex            0%         N/A       99%         3
 Dazzling Flash           Conj/Hex       0%         N/A       99%         3
 Gell's Gravitas          Tloc           0%         N/A       99%         3
 Fulminant Prism          Conj/Hex       0%         3d6       100%        4
 Iskenderun's Mystic Bla  Conj/Tloc      0%         2d3       100%        4
 Petrify                  Tmut/Erth      0%         N/A       100%        4
 Metabolic Englaciation   Hex/Ice        0%         N/A       100%        5
 Yara's Violent Unravell  Hex/Tmut       0%         3d3       100%        5


Dungeon Overview and Level Annotations

Branches:
Dungeon (3/15)

Altars:

Shops:
D:3 [

Annotations:
D:3 Grinder


Innate Abilities, Weirdness & Mutations

You cannot wear most types of armour.
You are amphibious.
You can wear up to eight rings at the same time.
Your skin changes colour to match your surroundings (Stealth+).
Your rubbery body absorbs attacks. (AC +1, EV +1)
((You are camouflaged near water. (Stealth+)))
You have tentacles for arms and can constrict up to eight enemies at once.


Message History

You hit the goblin.
You kill the goblin!
No target in view!
No target in view!
You see here a +0 club.
Found a stone staircase leading up.
You see here a +0 dagger.
Done exploring.
Done exploring.
Done exploring.
Done exploring.
Search for what [Enter for "hat", or ? for help]?
Can't find anything matching that.
There is a stone staircase leading down here.
You climb downwards.
Found a scroll labelled TUUSKA YVETZ and 18 stones.
Found Ysmuluex's Armour Emporium.
Found a stone staircase leading down.
There is a stone staircase leading up here.
There is an entrance to Ysmuluex's Armour Emporium here.
m - a scroll labelled TUUSKA YVETZ
There is a stone staircase leading down here.
A goblin comes into view. It is wielding a +0 dagger.
A goblin is nearby!
Grinder comes into view.
You closely miss Grinder. You grab Grinder. You constrict Grinder.
Grinder hits you.
You writhe in agony.
You completely miss Grinder.
Grinder is lightly wounded.
You constrict Grinder. Grinder hits you.
You writhe in agony.
Grinder completely misses you.
You slash Grinder!
Grinder is moderately wounded.
You constrict Grinder.
Grinder struggles to blink free from constriction.
You hit Grinder.
Grinder is heavily wounded.
You constrict Grinder. Grinder hits you.
You writhe in agony.
Grinder gestures at you. Pain shoots through your body!
You die...

#.. ##.. .. ##... #..
.##...# #.........# # #...
.....## g..
#....#.##.?#....#
#....#.#.@5...#
#....#...##...##
####...####...#
#.....##....#.##
....##.....### ..########
.............###........#
#####..#####..>.........###
#.# ####............ #.
##.........#


You could see Grinder and a goblin (asleep).

Vanquished Creatures
  A gnoll (D:1)
  3 adders (D:2)
  4 endoplasms
  3 giant cockroaches
  8 goblins
  7 hobgoblins
  6 jackals (D:1)
  5 kobolds
  2 quokkas
  3 ball pythons (D:1)
  3 bats
  A frilled lizard (D:2)
  5 rats
51 creatures vanquished.

Notes
Turn   | Place    | Note
-------+----------+-------------------------------------------
     0 | D:1      | Zeld the Octopode Fighter began the quest for the Orb.
     0 | D:1      | Reached XP level 1. HP: 16/16 MP: 1/1
   305 | D:1      | Reached XP level 2. HP: 21/21 MP: 2/2
   828 | D:1      | Reached XP level 3. HP: 21/26 MP: 3/3
  1743 | D:2      | Reached XP level 4. HP: 27/33 MP: 4/4
  2321 | D:2      | Found a faded altar of an unknown god.
  2456 | D:3      | Found Ysmuluex's Armour Emporium.
  2483 | D:3      | Noticed Grinder
  2487 | D:3      | Killed from afar by Grinder

Illustrated notes

Levels and vault maps discovered:
D:1:      dpeg_arrival_morbid_curiosity, layout_loops_ring
D:2:      layout_basic, shapermc_ecumenical_altar_venn
D:3:      layout_rooms, gammafunk_ghost_grave, serial_shops, shop, shop,
          nicolae_shop_waterfront, uniq_sigmund, uniq_grinder, uniq_jessica

Skill      XL: |  1  2  3  4 |
---------------+-------------+-----
Axes           | 3 |  3.1
Fighting       | |  3.9
Dodging        | |  3.0
Shields        | |  3.9

Action                   |  1- 3 |  4- 6 || total
-------------------------+-------+-------++-------
Melee: War axe           |    59 |    25 ||    84
       Constrict         |    18 |     5 ||    23
       Tentacles         |    12 |     1 ||    13
 Stab: Sleeping          |     7 |     2 ||     9
Armor: Skin              |     2 |     3 ||     5
Dodge: Dodged            |    30 |    12 ||    42
Block: Kite shield       |    26 |    11 ||    37

Table legend: (Time is in decaauts)
 A = Elapsed time spent in this place.
 B = Non-inter-level travel time spent in this place.
 C = Inter-level travel time spent in this place.
 D = Time resting spent in this place.
 E = Time spent auto-exploring this place.
 F = Levels seen in this place.
 G = Mean time per level.
                   A        B        C        D        E       F      G
               +--------+--------+--------+--------+--------+-----+--------+
         Total |   2536 |   2371 |    165 |      0 |   2011 |   3 |  845.3 |
       Dungeon |   2536 |   2371 |    165 |      0 |   2011 |   3 |  845.3 |
               +--------+--------+--------+--------+--------+-----+--------+

Top non-repeatable levels by time:
     D:1: 1490 daAuts
     D:2: 1013 daAuts
     D:3: 32 daAuts
